 Dungeon Crawl Stone Soup version 0.30.0-29-ga12c61a403 (webtiles) character file.

Game seed: 16063478357380963791

109 belegose the Magician (level 5, -6/39 HPs)
             Began as a Djinni Hexslinger on June 10, 2023.
             Killed from afar by Ijyb (10 damage)
             ... with a bolt of dispelling energy
             ... on level 3 of the Dungeon on June 11, 2023.
             The game lasted 00:05:14 (1866 turns).

belegose the Magician (Djinni Hexslinger)           Turns: 1866, Time: 00:05:15

Health: -6/39      AC:  2    Str: 11    XL:     5   Next: 13%
Gold:   133        EV: 12    Int: 14    God:
                   SH:  0    Dex: 14

rFire   + + .        a - +1 sling
rCold   x . .        (no shield)
rNeg    . . .        c - +0 robe
rPois   ∞            (no helmet)
rElec   .            (no cloak)
rCorr   .            (no gloves)
SInv    .            (boots unavailable)
Will    .....        (no amulet)
Stlth   +            (no ring)
HPRegen 0.26/turn    (no ring)
MPRegen 0.00/turn

%: infuse magic (-7 HP)
@: flying
A: sickness immunity, fire resistance 2, cold vulnerability 1, float, innate
caster, HP casting, extra vitality 1
a: no special abilities


You were on level 3 of the Dungeon.
You visited 1 branch of the dungeon, and saw 3 of its levels.

You collected 133 gold pieces.

Inventory:

Hand Weapons
 a - a +1 sling (weapon)
 b - a +0 rapier
Missiles
 j - 5 boomerangs
Armour
 c - a +0 robe (worn)
Scrolls
 d - a scroll of fear {unknown}
 e - a scroll of butterflies {unknown}
 g - a scroll of identify {unknown}
 k - a scroll of blinking {unknown}
 m - a scroll of poison
 n - a scroll of magic mapping {unknown}
 o - a scroll of amnesia {unknown}
Potions
 f - a potion of brilliance {unknown}
 h - 3 potions of lignification {unknown}
 i - 2 potions of cancellation {unknown}
 l - 2 potions of haste {unknown}


   Skills:
 + Level 2.6 Fighting
 + Level 2.6 Ranged Weapons
 - Level 2.1 Dodging
 + Level 3.1 Spellcasting


You knew the following spells:

 Your Spells              Type           Power      Damage    Failure   Level
a - Slow                  Hex            44%        N/A       6%          1
b - Inner Flame           Hex/Fire       11%        N/A       17%         3
c - Portal Projectile     Hex/Tloc       22%        N/A       17%         3
d - Cause Fear            Hex            5%         N/A       50%         4
e - Foxfire               Conj/Fire      44%        2x1d6     6%          1
f - Scorch                Fire           22%        2d6       9%          2
Your spell library was empty.

Dungeon Overview and Level Annotations

Branches:
Dungeon (3/15)

Altars:

Annotations:
D:3 Ijyb


Innate Abilities, Weirdness & Mutations

You are immune to sickness and miasma.
You are immune to poison.
Your flesh is very heat resistant. (rF++)
You are vulnerable to cold. (rC-)
You float through the air rather than walking.
You learn spells naturally, not from books.
Your magical power is your life essence.
You have superior vitality. (+4 MHP)


Message History

You kill the frilled lizard!
No target in view!
No target in view!
No target in view!
h - 3 murky clear potions (gained 1)
You now have 133 gold pieces (gained 9).
Ijyb the Twisted Goblin comes into view.
She is wielding a +6 club and carrying a wand of quicksilver (11).
Ijyb shouts!
Ijyb zaps a wand.
The bolt of dispelling energy hits you!
You see here 13 gold pieces.
Cast which spell? (? or * to list)
You conjure some foxfire!
Ijyb zaps a wand.
The bolt of dispelling energy hits your foxfire!
The bolt of dispelling energy hits you!!
Ouch! That really hurt!
* * * LOW HITPOINT WARNING * * *
The bolt of dispelling energy hits your foxfire!
Casting: Foxfire (safe; 6% risk of failure)
Confirm with . or Enter, or press ? or * to list all spells.
You conjure some foxfire!
* * * LOW HITPOINT WARNING * * *
Unknown command.
Casting: Foxfire (safe; 6% risk of failure)
Confirm with . or Enter, or press ? or * to list all spells.
You conjure some foxfire!
* * * LOW HITPOINT WARNING * * *
The foxfire hits Ijyb but does no damage. x2
Unknown command.
Casting: Foxfire (safe; 6% risk of failure)
Confirm with . or Enter, or press ? or * to list all spells.
You conjure some foxfire!
* * * LOW HITPOINT WARNING * * *
The foxfire hits Ijyb.
Ijyb is lightly wounded.
The foxfire hits Ijyb but does no damage.
Ijyb is lightly wounded.
Ijyb zaps a wand.
The bolt of dispelling energy hits your foxfire!
The bolt of dispelling energy hits you!
You die...

#......# ## #......#
##########.. #$.....#
#........... #......#
#.....<.....
#......#####...........
#..............#...##..
#......#######.........
#....§v# ###.##....
#....§@# ....###..
#...§.v# .###.###..
#####g## #. .#.... #$#
# ##.... #.# #.... #..
#.... ###. #<).. #g
#.... .# #...†


You could see Ijyb (ally target).

Vanquished Creatures
  4 adders
  6 dart slugs
  5 bats
  4 endoplasms
  4 giant cockroaches
  6 goblins
  4 hobgoblins
  5 jackals
  5 kobolds
  A quokka (D:1)
  6 ball pythons
  4 frilled lizards
  6 rats
60 creatures vanquished.

Vanquished Creatures (others)
  6 foxfires (D:3)
6 creatures vanquished.

Grand Total: 66 creatures vanquished

Notes
Turn   | Place    | Note
-------+----------+-------------------------------------------
     0 | D:1      | belegose the Djinni Hexslinger began the quest for the Orb.
     0 | D:1      | belegose set off with the following spells memorised: Slow,
                  | Inner Flame, Portal Projectile, Cause Fear.
     0 | D:1      | Reached XP level 1. HP: 17/17 MP: 0/0
   140 | D:1      | Reached XP level 2. HP: 22/22 MP: 0/0
   614 | D:1      | Reached XP level 3. HP: 28/28 MP: 0/0
   614 | D:1      | Learned a level 1 spell: Foxfire
  1036 | D:2      | Reached XP level 4. HP: 29/33 MP: 0/0
  1304 | D:2      | Reached skill level 3 in Spellcasting
  1694 | D:3      | Reached XP level 5. HP: 39/39 MP: 0/0
  1694 | D:3      | Learned a level 2 spell: Scorch
  1859 | D:3      | Noticed Ijyb
  1866 | D:3      | Killed from afar by Ijyb

Illustrated notes

Levels and vault maps discovered:
D:1:      saegor_arrival_fortress, layout_basic, nicolae_eternal_life,
          st_stairs_10
D:2:      layout_loops_ring
D:3:      layout_rooms, patterned_corridor, uniq_ijyb

Skill      XL: |  1  2  3  4 |
---------------+-------------+-----
Ranged Weapons | 2 |  2.6
Fighting       | 2 |  2.6
Spellcasting   | 3 |  3.1
Dodging        | |  2.1

Action                     |  1- 3 |  4- 6 || total
---------------------------+-------+-------++-------
  Melee: Rapier            |       |     1 ||     1
   Fire: Sling             |   107 |    83 ||   190
   Cast: Foxfire           |       |     4 ||     4
 Armour: Robe              |    20 |     7 ||    27
  Dodge: Dodged            |    38 |    21 ||    59
